 Dungeon Crawl Stone Soup version 0.22.1-5-g62c59d9 (webtiles) character file.

13148 troglodite the Carver (level 11, -3/89 HPs)
             Began as a Demonspawn Berserker on Jan 8, 2019.
             Was a High Priest of Trog.
             Killed from afar by an electric eel (7 damage)
             ... with a bolt of electricity
             ... on level 11 of the Dungeon on Jan 10, 2019.
             The game lasted 00:40:55 (13195 turns).

troglodite the Carver (Demonspawn Berserker)       Turns: 13195, Time: 00:40:56

Health: -3/89      AC:  8    Str: 21    XL:     11   Next: 71%
Magic:  0/11       EV: 29    Int:  9    God:    Trog [*****.]
Gold:   160        SH:  0    Dex: 16    Spells: 10/10 levels left

rFire    + . .     SeeInvis .   O - +1 long sword (curse)
rCold    + . .     Gourm    .   (no shield)
rNeg     + . .     Faith    .   C - +0 troll leather armour
rPois    .         Spirit   +   Q - +2 helmet
rElec    .         Reflect  .   D - scarf {rC+ rF+}
rCorr    .         Harm     .   j - +0 pair of gloves
MR       .....                  (boots unavailable)
Stlth    ++........             k - amulet of the acrobat
HPRegen  0.64/turn              B - ring of positive energy
MPRegen  0.24/turn              F - +4 ring of strength

@: lethally poisoned (-3 -> -3), berserk cooldown, slowed, very heavily drained,
very slow
A: hooves 3, repulsion field 1, nightstalker 1, magic shield, magic regeneration
a: Berserk, Trog's Hand, Brothers in Arms, Renounce Religion


You were on level 11 of the Dungeon.
You worshipped Trog.
Trog was extremely pleased with you.
You were not hungry.

You visited 1 branch of the dungeon, and saw 11 of its levels.
You visited 1 bazaar.
You also visited: Ossuary.

You collected 550 gold pieces.
You spent 390 gold pieces at shops.

Inventory:

Hand Weapons
 a - a +0 falchion
 f - the +5 scimitar of the Lame Duck {protect, rElec rF+, unknown}
   (You bought it in a shop in a bazaar)

   It protects the one who uses it against injury (+AC on strike).
   It protects you from fire.
   It insulates you from electricity.
 N - a +0 hunting sling
 O - a cursed +1 long sword (weapon)
 S - a +4 antimagic triple sword
Missiles
 E - 56 sling bullets
Armour
 i - a +0 cloak
 j - a +0 pair of gloves (worn)
 q - a +0 chain mail
 C - a +0 troll leather armour (worn)
 D - a scarf of resistance (worn)
 Q - a +2 helmet (worn)
Jewellery
 k - an amulet of the acrobat (around neck)
 B - a ring of positive energy (left hand)
 F - a +4 ring of strength (right hand)
 I - a +3 ring of dexterity
 K - an uncursed ring of flight
Wands
 z - a wand of random effects (35)
 A - a wand of iceblast (12)
 H - a wand of flame (12)
 M - a wand of acid (24)
Scrolls
 b - 2 scrolls of magic mapping
 h - 3 scrolls of fog
 l - 2 scrolls of enchant weapon
 n - a scroll of random uselessness {unknown}
 p - a scroll of amnesia {unknown}
 w - a scroll of noise {unknown}
 y - 7 scrolls of teleportation
 G - a scroll of enchant armour {unknown}
 J - a scroll of fear
Potions
 d - 3 potions of brilliance
 e - 2 potions of flight
 g - 5 potions of heal wounds
 m - a potion of lignification {unknown}
 o - a potion of might {unknown}
 r - 2 potions of agility {unknown}
 s - 2 potions of haste {unknown}
 t - 4 potions of curing
 u - a potion of cancellation {unknown}
 v - 2 potions of degeneration {unknown}
 x - 2 potions of mutation {unknown}
 L - a potion of invisibility
 P - a potion of magic {unknown}
Comestibles
 c - 20 rations


   Skills:
 * Level 9.1(3.6) Fighting
 + Level 9.8(4.3) Long Blades
 * Level 3.2(0.0) Slings
 * Level 7.6(2.4) Armour
 * Level 7.4(2.2) Dodging
 * Level 6.5(1.4) Stealth
 + Level 0.3(0.0) Evocations


You had 10 spell levels left.
You didn't know any spells.
Your spell library was empty.

Dungeon Overview and Level Annotations

Branches:
Dungeon (11/15)            Temple (0/1) D:7            Lair (0/6) D:9
    Orc: D:9-12

Altars:
Ashenzari
Cheibriados
Dithmenos
Fedhas
Gozag
Makhleb
Okawaru
Sif Muna
Uskayaw
Vehumet
Wu Jian
Xom
Yredelemnul

Annotations:
D:7 1 runed door, Exporg's ghost, novice TrFi
D:11 Sonja


Innate Abilities, Weirdness & Mutations

You have hooves in place of feet.
You are surrounded by a mild repulsion field. (EV +2)
You are slightly more attuned to the shadows.
When hurt, damage is shared between your health and your magic reserves.
You regenerate magic rapidly.


Message History

* * * LOW HITPOINT WARNING * * *
The water elemental engulfs you in water!
You cannot read scrolls while unable to breathe!
You slip free of the water engulfing you.
You gasp with relief as air once again reaches your lungs.
You feel sick.
The electric eel shoots out a bolt of lightning at you!
The bolt of electricity misses you.
The electric eel shoots out a bolt of lightning at you!
The bolt of electricity hits the water elemental.
The water elemental resists.
The bolt of electricity hits you!
* * * LOW HITPOINT WARNING * * *
The water elemental closely misses you.
The electric eel shoots out a bolt of lightning at you!
The bolt of electricity hits the water elemental.
The water elemental resists.
The bolt of electricity misses you.
The electric eel shoots out a bolt of lightning at you!
The bolt of electricity hits the water elemental.
The water elemental resists.
The bolt of electricity hits you!
You die...

≈≈≈≈≈≈≈* ≈≈≈≈≈≈≈* ≈≈≈≈≈***
≈≈≈≈≈≈≈**** ≈≈≈≈≈≈≈≈≈≈* **
≈≈≈≈≈≈≈≈≈≈#############** *,
≈≈≈≈≈≈≈≈≈≈;≈≈≈........},* **,
≈≈≈≈≈≈≈≈≈≈≈≈≈≈.........,* *,,
≈≈≈≈≈≈≈≈≈≈≈≈≈≈≈E@......,* *,,
≈≈≈≈≈≈≈≈≈≈≈≈≈≈≈........,* *,*
≈≈≈≈≈≈≈≈≈≈≈≈≈≈.........,* *,*
≈≈≈≈≈≈≈≈≈≈;≈≈≈≈......[.,* *,,
≈≈≈*≈≈≈≈≈≈≈≈≈≈≈........,*****###*
*≈≈≈≈≈≈≈≈≈≈≈≈≈.........,,,,,,..##
≈≈≈≈≈≈≈≈≈≈≈≈≈≈.........,######...
≈≈≈≈≈≈≈≈≈≈≈≈*,,,,,,,,..,+..#<#..#
≈≈≈≈≈≈≈≈≈,***,,,,,,,,...##.#.#..#


You could see a water elemental (wandering) and 2 electric eels.

Vanquished Creatures
  An unseen horror (D:11)
  2 ugly things (D:11)
  A manticore (D:11)
  2 centaur zombies (D:10)
  4 kobold demonologists (D:11)
  A komodo dragon (D:9)
  4 trolls
  2 hippogriffs
  5 yaks
  2 humans (D:9)
  A spriggan (D:9)
  A hungry ghost (D:9)
  Grum (D:9)
  Edmund (D:4)
  Duvessa (D:7)
  4 orc warriors
  An ice beast (D:7)
  2 sky beasts
  5 phantoms
  A hornet zombie (D:9)
  3 wolves (D:9)
  7 ogres
  6 centaurs
  A crocodile (D:9)
  9 big kobolds
  8 bullfrogs
  A gnoll sergeant (D:8)
  5 water moccasin zombies (Ossuary)
  Dowan (D:7)
  A water moccasin skeleton (D:4)
  2 wyvern skeletons
  2 scorpions
  6 killer bees (D:8)
  3 wights (D:10)
  4 howler monkeys
  3 bullfrog zombies
  6 crimson imps
  3 quasits
  6 hounds
  2 jellies
  A gnoll shaman (D:5)
  4 bullfrog skeletons
  4 orc priests
  3 orc wizards
  3 iguanas
  14 worker ants
  A killer bee zombie (D:8)
  A big kobold zombie (Ossuary)
  2 mummies (Ossuary)
  4 worker ant zombies
  4 gnolls
  12 adders
  2 shadow imps
  An ooze (D:3)
  5 adder zombies
  3 adder skeletons
  2 worms
  4 dart slugs
  7 leopard geckos
  25 orcs
  5 bats
  3 giant cockroaches
  2 gnoll zombies (Ossuary)
  12 goblins
  7 hobgoblins
  17 jackals
  26 kobolds
  3 quokkas (D:5)
  2 ball pythons
  6 frilled lizards
  7 hobgoblin zombies (Ossuary)
  5 kobold zombies (Ossuary)
  2 leopard gecko skeletons
  2 leopard gecko zombies
  6 orc zombies (Ossuary)
  2 quokka skeletons
  A quokka zombie (D:7)
  6 rats
337 creatures vanquished.

Vanquished Creatures (collateral kills)
  A yak (D:11)
1 creature vanquished.

Vanquished Creatures (others)
  A plant (D:9)
1 creature vanquished.

Grand Total: 339 creatures vanquished

Notes
Turn   | Place    | Note
-------+----------+-------------------------------------------
     0 | D:1      | troglodite the Demonspawn Berserker began the quest for the
                  | Orb.
     0 | D:1      | Reached XP level 1. HP: 18/18 MP: 1/1
   341 | D:1      | Gained mutation: You have large cloven feet. [demonic
                  | ancestry]
   341 | D:1      | Reached XP level 2. HP: 19/24 MP: 2/2
  1103 | D:1      | Reached XP level 3. HP: 28/29 MP: 3/3
  1538 | D:2      | Reached ** piety under Trog
  2023 | D:2      | Found a deep blue altar of Sif Muna.
  2306 | D:3      | Found a burning altar of Makhleb.
  2385 | D:3      | Reached XP level 4. HP: 36/37 MP: 4/4
  2843 | D:4      | Gained mutation: When hurt, damage is shared between your
                  | health and your magic reserves. [demonic ancestry]
  2843 | D:4      | Reached XP level 5. HP: 38/42 MP: 5/5
  3037 | D:4      | Found a sand-covered staircase.
  3042 | Ossuary  | Entered an ossuary
  3300 | Ossuary  | Gained mutation: You are slightly more attuned to the
                  | shadows. [demonic ancestry]
  3300 | Ossuary  | Reached XP level 6. HP: 44/48 MP: 6/6
  3338 | Ossuary  | Reached *** piety under Trog
  3700 | Ossuary  | Reached skill level 5 in Long Blades
  3866 | D:4      | Found an opulent altar of Gozag.
  3889 | D:4      | Reached skill level 1 in Stealth
  3889 | D:4      | Reached XP level 7. HP: 55/55 MP: 7/7
  3901 | D:4      | Noticed Edmund
  3908 | D:4      | Killed Edmund
  4501 | D:4      | Found a radiant altar of Vehumet.
  4843 | D:5      | Entered Level 5 of the Dungeon
  4987 | D:5      | Gained mutation: You are surrounded by a mild repulsion
                  | field. (EV +2) [demonic ancestry]
  4987 | D:5      | Reached XP level 8. HP: 46/61 MP: 5/8
  5180 | D:5      | Reached skill level 5 in Fighting
  5186 | D:5      | Reached **** piety under Trog
  5384 | D:5      | Found a shadowy altar of Dithmenos.
  5425 | D:5      | Found a basalt altar of Yredelemnul.
  5584 | D:5      | Found a shimmering altar of Xom.
  6246 | D:6      | Found a shattered altar of Ashenzari.
  6260 | D:6      | Found a snail-covered altar of Cheibriados.
  6266 | D:6      | Found a hide-covered altar of Uskayaw.
  6416 | D:6      | Reached skill level 5 in Armour
  6703 | D:6      | Gained mutation: You have hoof-like feet. [demonic
                  | ancestry]
  6703 | D:6      | Reached XP level 9. HP: 60/69 MP: 9/9
  7385 | D:7      | Found a staircase to the Ecumenical Temple.
  7459 | D:7      | Noticed Duvessa
  7461 | D:7      | Noticed Dowan
  7469 | D:7      | Killed Duvessa
  7482 | D:7      | Killed Dowan
  7482 | D:7      | Reached skill level 5 in Dodging
  7918 | D:7      | Found a runed door.
  7920 | D:7      | Noticed a four-headed hydra
  7920 | D:7      | Noticed Exporg's ghost (novice TrFi)
  8066 | D:8      | Reached ***** piety under Trog
  8080 | D:8      | Noticed a troll
  8096 | D:8      | Killed a troll
  8409 | D:8      | Found a blossoming altar of Fedhas.
  8421 | D:8      | Gained mutation: You regenerate magic rapidly. [demonic
                  | ancestry]
  8421 | D:8      | Reached XP level 10. HP: 79/79 MP: 8/10
  8959 | D:8      | Found an ornate altar of the Wu Jian Council.
  9409 | D:9      | Reached skill level 5 in Stealth
  9484 | D:9      | Found a staircase to the Lair.
  9959 | D:9      | Noticed Grum
  9973 | D:9      | Killed Grum
 10118 | D:9      | Found an iron altar of Okawaru.
 10246 | D:9      | Reached skill level 1 in Slings
 11088 | D:10     | Entered Level 10 of the Dungeon
 11431 | D:10     | Gained mutation: You have hooves in place of feet. [demonic
                  | ancestry]
 11431 | D:10     | Reached XP level 11. HP: 40/86 MP: 3/11
 12105 | D:11     | Found a flickering gateway to a bazaar.
 12117 | Bazaar   | Entered a bazaar
 12117 | Bazaar   | Found Qaogem's Magic Scroll Shoppe.
 12117 | Bazaar   | Found Etaqun's Antique Weapon Boutique.
 12117 | Bazaar   | Found Jukhi's Food Shoppe.
 12117 | Bazaar   | Found Dyirubeng's Food Shop.
 12122 | Bazaar   | Found Voxzial's Distillery.
 12122 | Bazaar   | Found Buschypp's Jewellery Shop.
 12160 | Bazaar   | Bought a pitted scimitar for 288 gold pieces
 12181 | Bazaar   | Bought a scroll of teleportation for 27 gold pieces
 12187 | Bazaar   | Bought a potion of heal wounds for 75 gold pieces
 12356 | D:11     | Killed an unseen horror
 12422 | D:11     | Noticed a sun demon
 12423 | D:11     | Received a gift from Trog
 12923 | D:11     | Noticed a green ugly thing
 13007 | D:11     | Noticed a brown ugly thing
 13024 | D:11     | Killed a brown ugly thing
 13153 | D:11     | Killed a green ugly thing
 13162 | D:11     | Noticed Sonja
 13195 | D:11     | HP: 4/89 [electric eel/bolt of electricity (12)]
 13195 | D:11     | Killed from afar by an electric eel

Skill      XL: |  1  2  3  4  5  6  7  8  9 10 11 |
---------------+----------------------------------+-----
Armour         | 2 3 5 6 7 |  7.6
Dodging        | 2 3 4 5 6 7 |  7.4
Long Blades    | 3 4 5 6 7 9 |  9.8
Fighting       | 4 5 7 8 9 |  9.1
Stealth        | 1 2 3 4 5 6 |  6.5
Slings         | 1 3 |  3.2
Evocations     | |  0.3

Action                   |  1- 3 |  4- 6 |  7- 9 | 10-12 || total
-------------------------+-------+-------+-------+-------++-------
Melee: Falchion          |   105 |   185 |   508 |   196 ||   994
       Kick              |    22 |    80 |   197 |   245 ||   544
       Long sword        |       |       |       |   288 ||   288
Invok: Berserk           |     1 |     2 |     9 |    15 ||    27
       Brothers in Arms  |       |       |       |     1 ||     1
 Abil: Evoke Flight      |       |       |       |     1 ||     1
  Use: Scroll            |       |     4 |     6 |     5 ||    15
       Potion            |       |       |       |     2 ||     2
 Stab: Sleeping          |       |       |     3 |    15 ||    18
  Eat: Chunk             |     1 |     3 |    21 |    23 ||    48
       Ration            |     1 |     1 |     1 |     3 ||     6
Armor: Animal skin       |    13 |       |       |       ||    13
       Ring mail         |    23 |    11 |    26 |       ||    60
       Chain mail        |       |   121 |   210 |       ||   331
       Troll leather arm |       |       |     3 |   135 ||   138
Dodge: Dodged            |    82 |    97 |   331 |   500 ||  1010
       Rpst.: Falchion   |    25 |    29 |   102 |    51 ||   207
       Long sword        |       |       |       |    65 ||    65
